 Dungeon Crawl Stone Soup version 0.28.0 (webtiles) character file.

Game seed: 1988387964275681051

230 Sanktem7 the Sneak (level 5, -10/36 HPs)
             Began as a Vampire Enchanter on Feb 8, 2022.
             Was an Initiate of Gozag.
             Killed by divine providence
             ... invoked by an orc priest
              (13 damage)
             ... on level 3 of the Dungeon.
             The game lasted 00:07:44 (3089 turns).

Sanktem7 the Sneak (Vampire Enchanter)              Turns: 3089, Time: 00:07:47

Health: -10/36     AC:  3    Str:  7    XL:     5   Next: 72%
Magic:  0/8        EV: 13    Int: 19    God:    Gozag
Gold:   109        SH:  0    Dex: 15    Spells: 3/8 levels left

rFire   . . .      SeeInvis +   g - +4 short sword (venom)
rCold   . . .      Faith    .   (no shield)
rNeg    . . .      Spirit   .   b - +0 robe
rPois   .          Reflect  .   (no helmet)
rElec   .          Harm     .   e - +0 cloak
rCorr   .          Rampage  .   (no gloves)
Will    .....                   (no boots)
Stlth   ++++......              (no amulet)
HPRegen 0.32/turn               (no ring)
MPRegen 0.11/turn               (no ring)

@: gold aura, healing quickly, invisible
A: alive, fangs 3, see invisible, vampiric 2
a: Exsanguinate, Renounce Religion, Potion Petition, Call Merchant, Bribe Branch


You were on level 3 of the Dungeon.
You worshipped Gozag.
Gozag was aware of your devotion.
You visited 1 branch of the dungeon, and saw 3 of its levels.

You collected 169 gold pieces.
You paid 60 gold pieces to Gozag.

Inventory:

Hand Weapons
 a - a +1 dagger
 g - a +4 short sword of venom (weapon)
Armour
 b - a +0 robe (worn)
 e - a +0 cloak (worn)
Jewellery
 k - a ring of resist corrosion
Scrolls
 d - a scroll of torment {unknown}
 f - a scroll of vulnerability {unknown}
 h - 2 scrolls of fear {unknown}
 i - 2 scrolls of teleportation {unknown}
 j - 2 scrolls of identify {unknown}


   Skills:
 + Level 0.5 Fighting
 - Level 1.1 Short Blades
 + Level 3.0 Dodging
 * Level 7.7 Stealth
 - Level 2.1 Spellcasting
 * Level 6.2 Hexes
 - Level 1.0 Ice Magic


You had 3 spell levels left.
You knew the following spells:

 Your Spells              Type           Power      Damage    Failure   Level
a - Ensorcelled Hibernat  Hex/Ice        30%        N/A       6%          2
b - Confusing Touch       Hex            25%        N/A       3%          3

Your spell library contained the following spells:

 Spells                   Type           Power      Damage    Failure   Level
 Tukima's Dance           Hex            25%        N/A       3%          3
 Dazzling Flash           Conj/Hex       26%        N/A       14%         3
 Corpse Rot               Necr/Air       2%         N/A       26%         2
 Dispel Undead            Necr           1%         3d6       86%         4
 Death Channel            Necr           0%         N/A       100%        6


Dungeon Overview and Level Annotations

Branches:
Dungeon (3/15)

Altars:
Gozag

Shops:
D:1 (


Innate Abilities, Weirdness & Mutations

Your natural rate of healing is accelerated.
You have razor-sharp teeth.
You have supernaturally acute eyesight. (SInv)
You are afflicted with vampirism and can become a bat while bloodless.


Message History

The orc is no longer distracted by gold.
The orc priest looks braver for a moment.
The orc hits you with a +0 whip. The orc priest closely misses you.
The orc barely misses you.
Things that are here:
4 gold pieces; a +0 hand axe; a +1 ring mail of fire resistance The orc is distracted by your dazzling golden aura.
The orc priest hits you with a +0 mace.
The orc shouts!
Things that are here:
43 gold pieces; a +0 club The orc hits you with a +0 whip.
The orc priest misses you.
Casting: Ensorcelled Hibernation (safe; 6% risk of failure)
Confirm with . or Enter, or press ? or * to list all spells.
Aiming: Ensorcelled Hibernation (safe; 6% risk of failure)
Press: ? - help, Shift-Dir - straight line, f - orc priest
Aim: an orc priest, wielding a +0 mace (chance to affect: 49%)
The orc priest resists with some effort.
The orc hits you with a +0 whip.
Casting: Ensorcelled Hibernation (safe; 6% risk of failure)
Confirm with . or Enter, or press ? or * to list all spells.
Aiming: Ensorcelled Hibernation (safe; 6% risk of failure)
Press: ? - help, Shift-Dir - straight line, f/p - orc priest
Aim: an orc priest, wielding a +0 mace (chance to affect: 49%)
The orc priest resists with some effort.
The orc wizard is distracted by your dazzling golden aura.
The orc priest hits you with a +0 mace.
* * * LOW HITPOINT WARNING * * *
The orc hits you with a +0 whip.
* * * LOW HITPOINT WARNING * * *
The orc wizard shouts!
Casting: Ensorcelled Hibernation (safe; 6% risk of failure)
Confirm with . or Enter, or press ? or * to list all spells.
You don't have enough magic to cast this spell.
You fade into invisibility!
The orc priest calls down the wrath of Beogh upon you.
Beogh smites you!
You die...
Your body crumbles into a pile of gold.

......# ##.....#........
.####.# #.###..........
.####'####........>....#
.#...............#
.#...............#
.................#
.................# ..
###..............# ...
...............o@#


o.o ...............oo####o# .......#######..oo.#..# ...........# ####$....#
...........# #.)#### ...........# #..# ...........# #$.# ...........# #..# $
...........# #... You could see an orc priest, an orc wizard (invisible) and 3
orcs.

Vanquished Creatures
  An orc priest (D:2)
  A centaur skeleton (D:2)
  Jessica (D:2)
  Natasha (twice) (D:2)
  An adder (D:3)
  A worm (D:3)
  6 dart slugs
  5 orcs
  3 endoplasms
  3 giant cockroaches
  6 goblins
  4 hobgoblins
  5 jackals
  A quokka (D:1)
  9 ball pythons
  5 bats
  A frilled lizard (D:2)
  5 kobolds
  5 rats
65 creatures vanquished.

Vanquished Creatures (others)
  A plant (D:1)
1 creature vanquished.

Grand Total: 66 creatures vanquished

Notes
Turn   | Place    | Note
-------+----------+-------------------------------------------
     0 | D:1      | Sanktem7 the Vampire Enchanter began the quest for the Orb.
     0 | D:1      | Reached XP level 1. HP: 13/13 MP: 3/3
    11 | D:1      | Found Wigh's Antique Weapon Shop.
   188 | D:1      | Reached XP level 2. HP: 14/19 MP: 5/5
   193 | D:1      | Learned a level 2 spell: Ensorcelled Hibernation
   534 | D:1      | Reached skill level 5 in Hexes
   578 | D:1      | Found a faded altar of an unknown god.
   883 | D:1      | Gained mutation: You are afflicted with vampirism and can
                  | become a bat while bloodless. [Vampire growth]
   883 | D:1      | Reached XP level 3. HP: 24/24 MP: 1/6
  1174 | D:2      | Reached skill level 5 in Stealth
  1296 | D:2      | Learned a level 3 spell: Confusing Touch
  1315 | D:2      | Noticed Jessica
  1327 | D:2      | Killed Jessica
  1328 | D:2      | Reached XP level 4. HP: 3/30 MP: 3/7
  1455 | D:2      | Reached skill level 6 in Stealth
  1498 | D:2      | Reached XP level 5. HP: 30/36 MP: 1/8
  1946 | D:2      | Noticed Natasha
  1955 | D:2      | Killed Natasha
  1956 | D:2      | Reached skill level 7 in Stealth
  1956 | D:2      | Reached skill level 1 in Ice Magic
  2170 | D:2      | Noticed Natasha
  2177 | D:2      | Killed Natasha
  2710 | D:3      | Found an opulent altar of Gozag.
  2726 | D:3      | Became a worshipper of Gozag Ym Sagoz the Greedy
  3089 | D:3      | Killed from afar by an orc priest

Illustrated notes

Levels and vault maps discovered:
D:1:      wander_arrival_chamber, layout_loops_corners,
          chequers_ecumenical_altar_island, serial_shops,
          nicolae_shop_advertising_works [nicolae_subvault_shop_adworks],
          serial_bayou_pond_b
D:2:      layout_basic, serial_curves, eino_curves_02, eino_curves_01,
          uniq_natasha, uniq_jessica
D:3:      kennysheep_goblin_castle, layout_basic, evilmike_ruin_ashenzari,
          nicolae_elyvilon_temple_path,
          nicolae_gozag_cash_rules_everything_around_me

Skill      XL: |  1  2  3  4  5 |
---------------+----------------+-----
Hexes          | 5 6 |  6.2
Stealth        | 5 6 7 |  7.7
Dodging        | 3 |  3.0
Ice Magic      | 1 |  1.0
Fighting       | |  0.5
Short Blades   | |  1.1
Spellcasting   | |  2.1

Action                   |  1- 3 |  4- 6 || total
-------------------------+-------+-------++-------
Melee: Dagger            |    28 |       ||    28
       Bite              |     6 |     4 ||    10
       Punch             |     2 |       ||     2
       Short sword       |    39 |    49 ||    88
 Cast: Ensorcelled Hiber |    13 |    34 ||    47
       Confusing Touch   |     1 |       ||     1
  Use: Potion            |       |     1 ||     1
 Stab: Sleeping          |    11 |    28 ||    39
Armor: Robe              |    14 |    17 ||    31
Dodge: Dodged            |    38 |    48 ||    86
